 Dungeon Crawl Stone Soup version 0.29.1 (console) character file.

Game seed: 13214346058050380107

5518 om the Spear-Bearer (level 10, -60/70 HPs)
             Began as a Merfolk Ice Elementalist on Sept 13, 2022.
             Was a Priest of Vehumet.
             Annihilated by an enormous slime creature (71 damage)
             ... on level 10 of the Dungeon.
             The game lasted 00:31:59 (12919 turns).

om the Spear-Bearer (Merfolk Ice Elementalist)     Turns: 12919, Time: 00:32:00

Health: -60/70     AC: 11    Str: 11    XL:     10   Next: 70%
Magic:  22/26      EV: 16    Int: 17    God:    Vehumet [***...]
Gold:   614        SH:  0    Dex: 14    Spells: 5/19 levels left

rFire   . . .      SeeInvis .   a - +10 spear "Wapluos" {vamp, rPois}
rCold   . . .      Faith    .   (no shield)
rNeg    . . .      Spirit   .   F - +0 steam dragon scales
rPois   +          Reflect  .   N - +0 helmet
rElec   .          Harm     .   k - +0 cloak
rCorr   .          Rampage  .   (no gloves)
Will    +....                   t - +2 pair of boots {Stlth+}
Stlth   +++.......              (no amulet)
HPRegen 0.21/turn               A - ring of willpower
MPRegen 0.20/turn               H - ring of magical power

@: no status effects
A: (nimble swimmer 2), mertail
a: Renounce Religion


You were on level 10 of the Dungeon.
You worshipped Vehumet.
Vehumet was most pleased with you.
You visited 2 branches of the dungeon, and saw 12 of its levels.
You also visited: Sewer and Ossuary.

You collected 786 gold pieces.
You spent 172 gold pieces at shops.

Inventory:

Hand Weapons
 a - the +10 spear "Wapluos" (weapon) {vamp, rPois}
   (You found it on level 4 of the Dungeon)

   It occasionally heals its wielder for a portion of the damage dealt when it
   wounds a living foe.
   rPois:     It protects you from poison.
 p - a +0 trident
Missiles
 h - 11 boomerangs
Armour
 k - a +0 cloak (worn)
 t - a +2 pair of boots of stealth (worn)
 F - +0 steam dragon scales (worn)
 N - a +0 helmet (worn)
Magical Staves
 b - a staff of conjuration
Jewellery
 e - a ring of protection from fire
 A - a ring of willpower (left hand)
 H - a ring of magical power (right hand)
 J - a ring of positive energy
Wands
 C - a wand of flame (23)
 D - a wand of acid (11)
 M - a wand of polymorph (6)
Scrolls
 c - a scroll of brand weapon {unknown}
 i - a scroll of poison
 l - 2 scrolls of immolation
 u - 3 scrolls of teleportation
 x - 2 scrolls of vulnerability {unknown}
 y - 2 scrolls of blinking
 z - a scroll of magic mapping
 B - a scroll of acquirement {unknown}
 I - a scroll of noise {unknown}
 K - a scroll of amnesia
 L - a scroll of enchant weapon {unknown}
Potions
 d - 2 potions of haste
 f - 3 potions of might
 g - 2 potions of ambrosia
 j - 2 potions of brilliance
 n - a potion of invisibility {unknown}
 o - 2 potions of heal wounds
 q - 3 potions of flight
 r - a potion of mutation {unknown}
 s - 2 potions of lignification
 v - 5 potions of curing
 w - 2 potions of attraction
 G - 2 potions of magic


   Skills:
 - Level 3.0 Fighting
 * Level 11.2 Polearms
 * Level 4.6 Armour
 * Level 8.3 Dodging
 - Level 3.0 Stealth
 - Level 5.0 Spellcasting
 + Level 3.3 Conjurations
 - Level 7.0 Ice Magic
 - Level 3.0 Poison Magic
 + Level 1.9 Evocations


You had 5 spell levels left.
You knew the following spells:

 Your Spells              Type           Power      Damage    Failure   Level
a - Freeze                Ice            100%       1d11      1%          1
b - Frozen Ramparts       Ice            56%        1d9       1%          3
c - Ozocubu's Armour      Ice            28%        N/A       2%          3
d - Poisonous Vapours     Pois/Air       18%        N/A       3%          2
e - Searing Ray           Conj           30%        2d5       1%          2
f - Ignite Poison         Fire/Tmut/Pois 7%         N/A       8%          3

Your spell library contained the following spells:

 Spells                   Type           Power      Damage    Failure   Level
 Shock                    Conj/Air       36%        1d5       2%          1
 Sandblast                Erth           8%         2d5       4%          1
 Hailstorm                Conj/Ice       21%        3d6       4%          4
 Stone Arrow              Conj/Erth      18%        3d8       6%          3
 Necrotise                Necr           16%        1d4       14%         1
 Passwall                 Tmut/Erth      3%         N/A       22%         2
 Airstrike                Air            2%         2d(1-17)  32%         4
 Swiftness                Air            4%         N/A       38%         3
 Vampiric Draining        Necr           4%         2d6       38%         3
 Agony                    Necr           4%         N/A       98%         5


Dungeon Overview and Level Annotations

Branches:
Dungeon (10/15)            Temple (0/1) D:5             Orc (2/2) D:9
  Sewer (visited)         Ossuary (visited)
   Lair: D:8-11         Elf: Orc:2

Altars:
Ashenzari
Dithmenos
Elyvilon
Fedhas
Makhleb
Okawaru
Ru
Uskayaw
Vehumet
Wu Jian

Shops:
D:3 [   D:4 (*

Annotations:
D:3 exclusion: statue


Innate Abilities, Weirdness & Mutations

((You are very nimble when in or above water. (Stealth+, EV+, Speed+++)))
Your lower body shifts to a powerful aquatic tail in water.


Message History

You hit the large slime creature.
You feel better.
The large slime creature is moderately wounded.
Unknown command.
You hit the large slime creature.
The large slime creature is heavily wounded.
The wall freezes the slime creature.
The slime creature closely misses you.
The wall freezes the yak but does no damage.
The wall freezes the slime creature.
Two slime creatures merge to form a large slime creature.
You puncture the large slime creature!
You feel better.
The large slime creature is heavily wounded.
You hit the large slime creature.
The large slime creature is heavily wounded.
The wall freezes the slime creature.
Two slime creatures merge to form a very large slime creature.
The wall freezes the yak.
The wall freezes the yak!
You hit the very large slime creature.
You feel better.
The very large slime creature is moderately wounded.
Unknown command.
You puncture the very large slime creature!
You feel better.
The very large slime creature is heavily wounded.
The wall freezes the yak.
The wall freezes the large slime creature.
The large slime creature hits you!!
The wall freezes the slime creature.
Two slime creatures merge to form an enormous slime creature.
The wall freezes the yak but does no damage.
Your icy armour and frozen ramparts will break if you move.
Continue?
Your icy armour cracks and falls away as you move.
The frozen ramparts melt away as you move.
The large slime creature attacks as you move away!
The large slime creature hits you!
The enormous slime creature barely misses you.
The large slime creature attacks as you move away!
The large slime creature hits you!!
* * * LOW HITPOINT WARNING * * *
There is a stone staircase leading up here.
The enormous slime creature hits you!!!
Ouch! That really hurt!
You die...

##............#
..#..........#
..###...........#
................
#.<$......
##...##..#
..####.Y#
.######Y.###.#.
.. #@JY........#
.# #.J........##
.. #.........##
.. #.........#
............#
.....#..####...
##...#...# ###
#.###...#


You could see an enormous slime creature, a large slime creature and 2 yaks.

Vanquished Creatures
  A two-headed ogre (D:9)
  Maggie (D:7)
  An unseen horror (D:9)
  A hornet (D:8)
  A shadow (D:9)
  A wyvern (D:8)
  A steam dragon (D:8)
  Grum (D:8)
  A warg (Orc:1)
  An acid dragon (D:9)
  A water moccasin (D:5)
  2 ogres (Orc:1)
  3 orc warriors
  2 ice beasts
  A black bear (D:6)
  A sky beast (D:7)
  2 wolves (D:8)
  2 centaurs (D:9)
  4 kobold brigands
  3 bullfrogs (D:7)
  A necrophage (D:5)
  A scorpion (D:6)
  5 water moccasin zombies (Ossuary)
  4 wights (D:6)
  3 hounds
  8 orc priests
  7 iguanas
  11 orc wizards
  2 mummies (Ossuary)
  7 gnolls
  4 adders
  2 shadow imps
  A white imp (D:7)
  An ufetubus (D:7)
  3 adder zombies (Ossuary)
  3 worms
  5 dart slugs
  28 orcs
  3 endoplasms
  9 giant cockroaches
  8 goblins
  14 hobgoblins
  7 quokkas
  8 ball pythons
  9 bats
  3 frilled lizards
  A gnoll zombie (Ossuary)
  8 hobgoblin zombies (Ossuary)
  22 kobolds
  5 kobold zombies (Ossuary)
  4 orc zombies (Ossuary)
  2 rats
230 creatures vanquished.

Notes
Turn   | Place    | Note
-------+----------+-------------------------------------------
     0 | D:1      | om the Merfolk Ice Elementalist began the quest for the
                  | Orb.
     0 | D:1      | Reached XP level 1. HP: 13/13 MP: 3/3
   348 | D:1      | Reached XP level 2. HP: 19/19 MP: 3/5
   988 | D:1      | Found a faded altar of an unknown god.
  1594 | D:2      | Reached XP level 3. HP: 24/24 MP: 6/6
  1931 | D:2      | Learned a level 3 spell: Frozen Ramparts
  2472 | D:3      | Found a glowing drain.
  2478 | Sewer    | Entered a sewer
  2549 | Sewer    | Reached skill level 1 in Polearms
  2549 | Sewer    | Reached XP level 4. HP: 30/30 MP: 7/7
  2738 | Sewer    | Noticed a kobold brigand
  2746 | Sewer    | Killed a kobold brigand
  2747 | Sewer    | Reached skill level 2 in Polearms
  2747 | Sewer    | Reached skill level 5 in Ice Magic
  2747 | Sewer    | Reached XP level 5. HP: 23/35 MP: 1/9
  2897 | Sewer    | Noticed a kobold brigand
  2906 | Sewer    | Killed a kobold brigand
  2907 | Sewer    | Reached skill level 3 in Polearms
  3439 | D:3      | Reached XP level 6. HP: 32/41 MP: 10/10
  3792 | D:3      | Found a radiant altar of Vehumet.
  3798 | D:3      | Became a worshipper of Vehumet
  4030 | D:3      | Learned a level 3 spell: Ozocubu's Armour
  4243 | D:3      | Found Reubis's Antique Armour Emporium.
  4371 | D:3      | Bought a pair of glowing boots for 172 gold pieces
  4400 | D:3      | Found a broken altar of Ashenzari.
  4906 | D:4      | Found a blossoming altar of Fedhas.
  4953 | D:4      | Found Iral's Antique Weapon Shoppe.
  4971 | D:4      | Reached XP level 7. HP: 35/51 MP: 8/11
  5174 | D:4      | Found a burning altar of Makhleb.
  5184 | D:4      | Reached * piety under Vehumet
  5184 | D:4      | Offered knowledge of Magic Dart by Vehumet.
  5227 | D:4      | Found Weajesh's Lightly-Used Armoury.
  5251 | D:4      | Identified the +10 spear "Wapluos" {vamp, rPois}
  5285 | D:4      | Found a sand-covered staircase.
  5290 | Ossuary  | Entered an ossuary
  5453 | Ossuary  | Reached skill level 4 in Polearms
  5468 | Ossuary  | Reached skill level 5 in Polearms
  5793 | Ossuary  | Reached skill level 6 in Polearms
  5793 | Ossuary  | Reached XP level 8. HP: 45/58 MP: 10/14
  5793 | Ossuary  | Offered knowledge of Poisonous Vapours by Vehumet.
  5798 | Ossuary  | Reached ** piety under Vehumet
  5802 | Ossuary  | Learned a level 2 spell: Poisonous Vapours
  6366 | D:5      | Entered Level 5 of the Dungeon
  6384 | D:5      | Reached skill level 7 in Polearms
  6597 | D:5      | Reached skill level 8 in Polearms
  6674 | D:5      | Found a staircase to the Ecumenical Temple.
  6807 | D:5      | Found an ornate altar of the Wu Jian Council.
  7191 | D:6      | Reached skill level 1 in Poison Magic
  7540 | D:6      | Reached skill level 1 in Armour
  7540 | D:6      | Reached XP level 9. HP: 61/63 MP: 13/16
  7691 | D:6      | You fall into a shaft and drop 2 floors!
  7770 | D:7      | Offered knowledge of Searing Ray by Vehumet.
  7774 | D:7      | Learned a level 2 spell: Searing Ray
  7911 | D:7      | Noticed Maggie
  8033 | D:6      | Found a white marble altar of Elyvilon.
  8739 | D:7      | Reached skill level 9 in Polearms
  8773 | D:7      | Reached skill level 5 in Dodging
  8799 | D:7      | Killed Maggie
  8799 | D:7      | Reached *** piety under Vehumet
  8800 | D:7      | Reached skill level 5 in Spellcasting
  8800 | D:7      | Reached skill level 1 in Conjurations
  9197 | D:7      | Found a shadowy altar of Dithmenos.
  9820 | D:8      | Found an iron altar of Okawaru.
  9828 | D:8      | Noticed a hornet
  9837 | D:8      | Killed a hornet
  9935 | D:8      | Noticed Grum
  9941 | D:8      | Killed Grum
 10114 | D:8      | Found a sacrificial altar of Ru.
 10165 | D:8      | Reached XP level 10. HP: 57/70 MP: 17/17
 10253 | D:8      | Reached skill level 10 in Polearms
 11002 | D:9      | Found a staircase to the Orcish Mines.
 11002 | D:9      | Noticed a two-headed ogre
 11023 | D:9      | Killed a two-headed ogre
 11024 | D:9      | Reached skill level 1 in Evocations
 11347 | D:10     | Entered Level 10 of the Dungeon
 11354 | D:9      | Killed an unseen horror
 11641 | D:9      | Found a hide-covered altar of Uskayaw.
 11664 | D:9      | Reached skill level 11 in Polearms
 11978 | D:10     | Noticed a boulder beetle
 12370 | D:10     | Noticed a two-headed ogre
 12425 | Orc:1    | Entered Level 1 of the Orcish Mines
 12620 | Orc:1    | Offered knowledge of Ignite Poison by Vehumet.
 12625 | Orc:1    | Learned a level 3 spell: Ignite Poison
 12773 | Orc:2    | Entered Level 2 of the Orcish Mines
 12780 | Orc:2    | Noticed an orc sorcerer
 12919 | D:10     | Annihilated by an enormous slime creature

Illustrated notes

Levels and vault maps discovered:
D:1:      minmay_arrival_arboretum_large, layout_loops_corners,
          chequers_ecumenical_altar_twisty, minmay_misc_feat_rows
D:2:      layout_loops_cross
D:3:      cheibrodos_thug_alley, layout_basic, vehumet_statue,
          lemuel_coloured_pillars_altar, serial_shops, shop,
          gup_sewer_entry_pipe
D:4:      layout_rooms, mainiacjoe_overflow_brackets,
          mainiacjoe_overflow_concentric_impassable, enter_ossuary_2,
          minmay_shop_grid_forest, minivault_5, minmay_shop_damaged
D:5:      layout_cave_pods, nzn_wu_jian_contemplation,
          minmay_temple_entry_wispy, serial_column_ruins, column_ruins_pillar_3,
          column_ruins_pillar_1, column_ruins_pillar_4, column_ruins_pillar_12,
          column_ruins_pillar_8, column_ruins_pillar_12, column_ruins_pillar_3,
          column_ruins_pillar_2, column_ruins_pillar_3, column_ruins_pillar_3,
          column_ruins_pillar_4, column_ruins_pillar_10, column_ruins_pillar_7,
          column_ruins_pillar_1, column_ruins_pillar_9, column_ruins_pillar_5
D:6:      layout_loops_cross, lemuel_crystal_altar, sigmund_army
D:7:      layout_layer_cave, mainiacjoe_overflow_tiny_flanked,
          dk_noncrumbling_2, uniq_maggie
D:8:      layout_loops_ring, nicolae_ru_sacrificial_ziggurat, okawaru_trees_2,
          kennysheep_path_1, uniq_grum
D:9:      layout_stronghold, nicolae_uskayaw_murder_on_the_dancefloor,
          orc_0_dummy
D:10:     layout_rooms, xom_confusion_cloud
Orc:1:    layout_caves
Orc:2:    kennysheep_orc_mage_school, layout_caves

Skill      XL: |  1  2  3  4  5  6  7  8  9 10 |
---------------+-------------------------------+-----
Dodging        | 3 4 7 8 |  8.3
Polearms       | 1 2 3 6 8 9 11 | 11.2
Stealth        | 3 |  3.0
Spellcasting   | 3 4 5 |  5.0
Ice Magic      | 5 6 7 |  7.0
Fighting       | 2 3 |  3.0
Poison Magic   | 2 3 |  3.0
Armour         | 1 3 4 |  4.6
Conjurations   | 2 3 |  3.3
Evocations     | 1 |  1.9

Action                   |  1- 3 |  4- 6 |  7- 9 | 10-12 || total
-------------------------+-------+-------+-------+-------++-------
Melee: Unarmed           |     7 |       |       |       ||     7
       Dagger            |    20 |       |       |       ||    20
       Trident           |    18 |   114 |    19 |       ||   151
       Tailslap          |     1 |     1 |       |       ||     2
       Punch             |       |     1 |     4 |     1 ||     6
       Spear             |       |       |   308 |   111 ||   419
       Staff             |       |       |    10 |       ||    10
 Cast: Freeze            |    35 |    37 |    22 |     5 ||    99
       Frozen Ramparts   |     1 |     5 |    10 |    10 ||    26
       Ozocubu's Armour  |       |       |     7 |    10 ||    17
       Poisonous Vapours |       |       |     7 |    18 ||    25
       Ignite Poison     |       |       |       |     1 ||     1
       Searing Ray       |       |       |       |     1 ||     1
  Use: Scroll            |     4 |     3 |     7 |     4 ||    18
       Potion            |     1 |       |     2 |     1 ||     4
 Stab: Sleeping          |     8 |     8 |    17 |     1 ||    34
       Distracted        |       |     1 |     1 |       ||     2
Armor: Robe              |     6 |       |       |       ||     6
       Leather armour    |     7 |    36 |    76 |       ||   119
       Skin              |       |       |     5 |       ||     5
       Steam dragon scal |       |       |    21 |    39 ||    60
Dodge: Dodged            |    50 |    86 |   166 |    58 ||   360
